 Dungeon Crawl Stone Soup version 0.24-a0-201-gf205589 (webtiles) character file.

Game seed: 11520526917198558394

1041 Borgoz the Cutter (level 8, -7/72 HPs)
             Began as a Gargoyle Gladiator on Mar 25, 2019.
             Was an Initiate of Ashenzari.
             Mangled by an orc warrior
             ... wielding a +0 halberd
              (9 damage)
             ... on level 6 of the Dungeon.
             The game lasted 00:08:32 (5561 turns).

Borgoz the Cutter (Gargoyle Gladiator)              Turns: 5561, Time: 00:08:34

Health: -7/72      AC: 26    Str: 19    XL:     8   Next: 25%
Magic:  11/11      EV:  2    Int:  9    God:    Ashenzari [......]
Gold:   202        SH:  0    Dex: 12    Spells: 12/12 levels left

rFire    . . .     SeeInvis .   a - +1 short sword (venom)
rCold    . . .     Gourm    .   (no shield)
rNeg     + + +     Faith    .   (armour currently unavailable)
rPois    ∞         Spirit   .   (helmet currently unavailable)
rElec    .         Reflect  .   (cloak currently unavailable)
rCorr    .         Harm     .   (gloves currently unavailable)
MR       +....     NoTele   +   (boots currently unavailable)
Stlth    ++........             (no amulet)
HPRegen  0.22/turn              h - ring of protection from magic
MPRegen  0.12/turn              x - +2 ring of protection

@: tree-form
A: negative energy resistance 1, petrification resistance, rot immunity, AC +5
a: Curse Item, Renounce Religion


You were on level 6 of the Dungeon.
You worshipped Ashenzari.
Ashenzari was noncommittal.
You were not hungry.
You were a tree.
You visited 1 branch of the dungeon, and saw 6 of its levels.

You collected 202 gold pieces.

Inventory:

Hand Weapons
 a - a +1 short sword of venom (weapon)
 b - a +0 blowgun
 p - a +3 quarterstaff of chaos
 q - a +0 rapier
Missiles
 d - 3 throwing nets (quivered)
 r - 14 poisoned needles
 y - 6 steel javelins
Armour
 c - a +0 helmet (melded)
 j - a cursed +0 cloak (melded)
 l - a cursed +0 ring mail (melded)
Jewellery
 h - a ring of protection from magic (left branch)
 w - an uncursed ring of positive energy
 x - a +2 ring of protection (right branch)
Scrolls
 e - 2 scrolls of magic mapping {unknown}
 g - a scroll of teleportation
 i - 2 scrolls of enchant armour {unknown}
 k - a scroll of blinking {unknown}
 m - 2 scrolls of fog {unknown}
 n - a scroll of enchant weapon {unknown}
 o - 4 scrolls of remove curse
 t - 3 scrolls of identify {unknown}
Potions
 s - a potion of flight
 u - a potion of magic {unknown}
 z - a potion of might
Comestibles
 f - 16 rations
 A - 4 chunks of flesh


   Skills:
 + Level 3.9 Fighting
 * Level 4.7 Short Blades
 + Level 3.2 Throwing
 + Level 3.1 Armour
 * Level 4.5 Dodging
 + Level 3.3 Stealth
 + Level 2.6 Spellcasting


You had 12 spell levels left.
You didn't know any spells.
Your spell library was empty.

Dungeon Overview and Level Annotations

Branches:
Dungeon (6/15)
 Temple: D:4-7

Altars:
Ashenzari
Elyvilon
Ru
Sif Muna
Uskayaw
Vehumet
Yredelemnul
The Shining One


Innate Abilities, Weirdness & Mutations

You are resistant to torment.
((Your stone body is resilient. (AC +5)))
You are immune to poison.
You resist negative energy. (rN+)
((You are resistant to electric shocks. (rElec)))
((You can survive without breathing.))
You are immune to petrification.
You are immune to rotting.


Message History

The orc warrior is moderately wounded.
The orc warrior hits you with a +0 halberd!!
You hit the orc warrior but do no damage.
The orc warrior looks as sick as possible!
The orc warrior is moderately wounded.
The orc closely misses you.
You puncture the orc warrior!
The orc warrior looks as sick as possible!
The orc warrior is severely wounded.
The orc warrior hits you with a +0 halberd!
* * * LOW HITPOINT WARNING * * *
The orc closely misses you.
Unknown command.
It was a potion of lignification.
You turn into a tree.
Your cursed +0 cloak melds into your body.
Your +0 helmet melds into your body.
Your cursed +0 ring mail melds into your body.
Your roots penetrate the ground.
The orc warrior hits you with a +0 halberd!
You die...

#..###.###..# ..##
#..'.._###... ....#
######..###.###...
.....##.......# #.# #...
......######..###'###...
≈≈.....## ##...........
#≈≈.....# #.###.####.#
#≈≈....#####.##..####.#
#≈≈.o♣)#.............#
##≈..o)'.#############
#≈≈...'.# #≈....'.#
#≈≈....### #≈≈....##
#≈≈.....# ≈≈....?##
.....#


You could see an orc warrior and an orc.

Vanquished Creatures
  Duvessa (D:5)
  A necrophage (D:6)
  A centaur (D:5)
  Dowan (D:5)
  A scorpion (D:4)
  A howler monkey (D:4)
  A hound (D:3)
  4 orc priests
  Crazy Yiuf (D:2)
  5 orc wizards
  Natasha (thrice) (D:2)
  A worker ant (D:5)
  7 adders
  A shadow imp (D:6)
  A worm (D:3)
  3 dart slugs
  4 leopard geckos
  25 orcs
  7 bats
  3 giant cockroaches
  7 goblins
  9 hobgoblins
  6 jackals
  9 kobolds
  3 ball pythons
  4 frilled lizards
  A leopard gecko zombie (D:5)
  9 rats
120 creatures vanquished.

Notes
Turn   | Place    | Note
-------+----------+-------------------------------------------
     0 | D:1      | Borgoz the Gargoyle Gladiator began the quest for the Orb.
     0 | D:1      | Reached XP level 1. HP: 12/12 MP: 1/1
   100 | D:1      | Reached XP level 2. HP: 17/17 MP: 2/2
   572 | D:1      | Reached XP level 3. HP: 19/22 MP: 3/3
  1131 | D:2      | Reached skill level 1 in Armour
  1131 | D:2      | Reached skill level 1 in Stealth
  1280 | D:2      | Reached XP level 4. HP: 27/27 MP: 5/5
  1359 | D:2      | Reached skill level 1 in Spellcasting
  1379 | D:2      | Noticed Natasha
  1395 | D:2      | Killed Natasha
  1622 | D:2      | Found a runed translucent door.
  1623 | D:2      | Noticed Crazy Yiuf
  1686 | D:2      | Noticed Natasha
  1699 | D:2      | Killed Natasha
  1699 | D:2      | Reached XP level 5. HP: 23/31 MP: 6/6
  1930 | D:2      | Killed Crazy Yiuf
  2486 | D:3      | Reached XP level 6. HP: 9/37 MP: 8/8
  2492 | D:3      | HP: 1/37 [orc priest/divine providence (9)]
  3473 | D:3      | Found a deep blue altar of Sif Muna.
  3584 | D:2      | Noticed Natasha
  3597 | D:2      | Killed Natasha
  3634 | D:4      | Reached XP level 7. HP: 38/41 MP: 9/9
  4250 | D:5      | Entered Level 5 of the Dungeon
  4293 | D:5      | Found a radiant altar of Vehumet.
  4513 | D:5      | Noticed Dowan
  4515 | D:5      | Noticed Duvessa
  4530 | D:5      | Killed Duvessa
  4540 | D:5      | Killed Dowan
  4540 | D:5      | Reached XP level 8. HP: 44/48 MP: 11/11
  4632 | D:5      | Found a basalt altar of Yredelemnul.
  4637 | D:5      | Found a glowing golden altar of the Shining One.
  4639 | D:5      | Noticed an angel
  4796 | D:5      | Found a white marble altar of Elyvilon.
  4799 | D:5      | Found a hide-covered altar of Uskayaw.
  4913 | D:5      | Found a shattered altar of Ashenzari.
  5471 | D:5      | Became a worshipper of Ashenzari the Shackled
  5503 | D:6      | Found a sacrificial altar of Ru.
  5560 | D:6      | HP: 1/48 [orc warrior/+0 halberd (17)]
  5561 | D:6      | Mangled by an orc warrior

Levels and vault maps discovered:
D:1:      dpeg_arrival_chambers_temple_mockup, layout_loops_cross
D:2:      layout_basic, minmay_tetromino_o2, uniq_crazy_yiuf_cottage,
          uniq_natasha
D:3:      layout_basic, old_standard_altar, chequers_serial_rivers_small_b
D:4:      layout_gridville, grunt_ministairs_7
D:5:      layout_basic, grunt_temple_overflow_holy_war,
          nicolae_overflow_crystal_walls, nicolae_overflow_hidden_temple,
          first_ration, uniq_duvessa
D:6:      layout_loops_ring, slow_altar_1, xom_butterflies, lemuel_doored_altar,
          kennysheep_donut, makhleb_blood_cavern_becter, uniq_eustachio

Skill      XL: |  1  2  3  4  5  6  7  8 |
---------------+-------------------------+-----
Throwing       | 2 3 |  3.2
Short Blades   | 3 4 |  4.7
Armour         | 1 2 3 |  3.1
Stealth        | 1 2 3 |  3.3
Dodging        | 3 4 |  4.5
Spellcasting   | 1 2 |  2.6
Fighting       | 3 |  3.9

Action                   |  1- 3 |  4- 6 |  7- 9 || total
-------------------------+-------+-------+-------++-------
Melee: Rapier            |   177 |   196 |       ||   373
       Short sword       |       |    42 |   154 ||   196
  Use: Potion            |       |     6 |     1 ||     7
       Scroll            |       |     1 |       ||     1
 Stab: Sleeping          |       |       |     1 ||     1
  Eat: Chunk             |     1 |     8 |     6 ||    15
Armor: Leather armour    |    30 |       |       ||    30
       Ring mail         |    53 |   153 |    80 ||   286
Dodge: Dodged            |   122 |   171 |   109 ||   402

Table legend:
 A = Non-vault XP
 B = Vault XP
 C = Vault XP percentage of total XP
 D = Non-vault monster count
 E = Vault monster count
 F = Vault count percentage of total count
                 A         B        C        D         E       F
            +---------+---------+-------+---------+---------+-------
      Total |    1117 |     371 |  24.9 |     112 |       8 |   6.7
            +---------+---------+-------+---------+---------+-------
        D:1 |      44 |       0 |   0.0 |      23 |       0 |   0.0
        D:2 |     135 |      80 |  37.2 |      26 |       4 |  13.3
        D:3 |     331 |       0 |   0.0 |      32 |       0 |   0.0
        D:4 |     137 |      68 |  33.2 |       7 |       2 |  22.2
        D:5 |     306 |     223 |  42.2 |      14 |       2 |  12.5
        D:6 |     164 |       0 |   0.0 |      10 |       0 |   0.0
            +---------+---------+-------+---------+---------+-------
